Map: 애씨드 플랜트 - 래더

Players

FanTaSy - Winner!

  • Race: Terran Terran
  • League: Diamond
  • Spawn Location: 11:00

Patience

  • Race: Protoss Protoss
  • Spawn Location: 5:00

Event: HomeStory Cup XVII

VOD

Have the link to the VOD?

Description

Time

  • Played on: June 29, 2018, 5:24 p.m.
  • Length: 14:21

All games in this series

Show
View Real Time Build Order
Export as new Build Order

FanTaSy Terran - Winner!

Build Orders: Gas First Reaper Expand, Reaper Expand, MMM Bio 

Get SALT Encoding   

  12  0:00  SCV  
  13  0:12  SCV  
  14  0:17  Supply Depot  
  14  0:25  SCV  
  15  0:29  Refinery  
  15  0:39  SCV  
  16  0:44  Barracks  
  16  0:51  SCV  
  17  1:03  SCV  
  18  1:15  SCV  
  19  1:30  Orbital Command  
  19  1:31  Reaper  
  20  1:42  Command Center  
  20  1:53  Factory  
  20  1:57  SCV  
  21  2:06  Supply Depot  
  21  2:07  Barracks Reactor  
  21  2:10  SCV  
  22  2:22  SCV  
  23  2:24  Barracks  
  23  2:34  SCV  
  23  2:35  Refinery  
  24  2:38  Widow Mine  
  24  2:43  Marine  
  24  2:44  Marine  
  28  2:46  SCV  
  29  2:55  Orbital Command  
  28  2:58  SCV  
  28  3:01  Cyclone  
  32  3:05  Marine  
  32  3:06  Marine  
  32  3:11  SCV  
  35  3:13  Barracks Tech Lab  
  35  3:23  Starport  
  35  3:24  SCV x2  
  35  3:25  Marine  
  38  3:30  Marine  
  38  3:32  Marine  
  40  3:36  SCV x2  
  40  3:39  Stimpack  
  42  3:43  Supply Depot  
  43  3:48  SCV x2  
  43  3:52  Marine  
  43  3:53  Marine  
  46  3:56  Supply Depot  
  46  4:05  Cyclone, Marine  
  46  4:07  Engineering Bay  
  50  4:13  Marine x2  
  50  4:14  SCV x2  
  54  4:17  Medivac  
  56  4:25  Marine  
  56  4:28  SCV x2  
  56  4:30  Marine x2  
  61  4:32  Missile Turret  
  61  4:36  Bunker  
  60  4:41  SCV  
  60  4:42  SCV  
  60  4:44  Terran Infantry Weapons Level 1  
  62  4:53  Starport Reactor  
  62  4:54  Supply Depot  
  62  4:56  Supply Depot  
  62  5:08  Refinery  
  62  5:16  Marine x3, SCV x2  
  62  5:17  Factory Tech Lab  
  62  5:18  Barracks  
  67  5:28  SCV x2  
  67  5:30  Medivac  
  67  5:34  Marine x2, Marauder  
  75  5:39  Combat Shields  
  75  5:40  SCV x2  
  72  5:49  Medivac  
  71  5:51  Marine x2  
  71  5:52  Refinery, SCV x2  
  71  5:53  Supply Depot  
  71  5:54  Supply Depot  
  71  5:56  Marauder  
  75  6:04  SCV x2  
  75  6:09  Marine x2  
  72  6:15  Barracks  
  72  6:16  Factory Reactor  
  72  6:17  Marauder, SCV  
  70  6:19  Medivac, Barracks  
  70  6:21  Marauder  
  74  6:27  Marine x2  
  74  6:30  Medivac  
  78  6:38  Marauder  
  78  6:39  Command Center  
  79  6:43  Marauder  
  79  6:45  Marine x2  
  79  6:46  Concussive Shells  
  82  6:47  SCV x2  
  82  6:50  Supply Depot  
  82  6:52  Supply Depot  
  82  6:53  Medivac  
  85  7:00  Medivac, Marauder  
  89  7:02  SCV x2  
  89  7:04  Widow Mine  
  89  7:07  Barracks Reactor  
  93  7:10  Barracks Tech Lab  
  93  7:12  Widow Mine  
  95  7:17  SCV x2  
  95  7:18  Supply Depot  
  95  7:20  Marine x2, Marauder  
  95  7:21  Marauder  
  101  7:29  SCV x2  
  96  7:31  Terran Infantry Armor Level 1  
  96  7:32  Viking  
  96  7:36  Viking  
  100  7:47  Marine x4, Marauder x3  
  100  7:51  SCV x2  
  112  7:56  Orbital Command  
  112  8:02  Supply Depot  
  112  8:03  Viking  
  114  8:06  Viking  
  114  8:08  Marine x4, Marauder  
  114  8:09  Marauder x2  
  126  8:18  Orbital Command  
  126  8:20  SCV  
  126  8:21  SCV  
  126  8:23  Supply Depot  
  126  8:26  Supply Depot  
  128  8:27  Supply Depot  
  126  8:38  Marine x4, Marauder x3  
  126  8:39  SCV x2  
  130  8:48  Viking x2  
  130  8:51  SCV  
  128  9:03  Marauder  
  128  9:04  Marauder x2, Marine x4  
  135  9:11  Refinery, Starport  
  135  9:21  Viking x2  
  139  9:24  Marine x4  
  139  9:25  Marauder x3  
  139  9:28  Refinery  
  139  9:30  Supply Depot  
  149  9:32  Supply Depot  
  149  9:47  Engineering Bay  
  149  9:51  Medivac x2  
  149  9:52  Marine x4, Marauder x2  
  159  9:53  Marauder  
  155  10:07  Viking x2  
  157  10:11  Marine x4  
  157  10:14  Marauder x3  
  167  10:16  Ghost Academy  
  167  10:17  Armory  
  154  10:21  Viking x2  
  154  10:22  SCV x3  
  154  10:43  Marine x4, Marauder x3  
  164  11:07  Liberator x3  
  164  11:11  Ghost x3  
  164  11:13  Marine x4  
  180  11:29  Command Center  
  180  11:44  Liberator, Marine  
  181  11:51  Supply Depot x2  
  181  11:53  Supply Depot  
  181  11:59  Marine  
  181  12:00  Marine x2  
  181  12:01  Marauder  
  181  12:02  Marauder x2  
  177  12:23  Marauder x3, Marine x4  
  177  12:27  Medivac x2  
  142  12:45  Marine x4, Marauder x3  
  124  12:57  Medivac x3  
  124  12:58  Medivac  
  132  13:08  Planetary Fortress  
  132  13:20  Sensor Tower, Ghost x2  
  136  13:33  Ghost  
  138  13:34  Marine x3  
  147  13:52  Marine x4, Marauder x2  
  147  13:55  Refinery  
  155  13:58  Refinery  
Show
View Real Time Build Order
Export as new Build Order

Patience Protoss 

Build Orders: 1 Gate Expand, Colossus Rush, Dark Templar Rush 

Get SALT Encoding   

  12  0:00  Probe  
  13  0:12  Probe  
  14  0:17  Pylon  
  14  0:23  Probe  
  15  0:31  Probe  
  16  0:37  Gateway  
  16  0:39  Probe  
  16  0:46  Assimilator  
  17  0:51  Probe  
  18  1:04  Probe  
  19  1:16  Probe  
  20  1:23  Nexus  
  20  1:32  Cybernetics Core  
  20  1:35  Probe  
  21  1:42  Assimilator  
  21  1:47  Assimilator  
  21  1:48  Probe  
  22  1:56  Pylon  
  22  2:00  Probe  
  23  2:04  Stalker  
  23  2:14  Warp Gate, Probe  
  26  2:25  Probe  
  27  2:32  Probe  
  27  2:33  Probe  
  30  2:39  Twilight Council  
  30  2:41  Probe x2  
  31  2:51  Probe  
  31  2:52  Stalker  
  31  2:53  Probe  
  35  3:03  Probe  
  35  3:05  Probe  
  37  3:15  Probe  
  37  3:16  Dark Shrine  
  37  3:17  Probe  
  39  3:22  Stalker  
  39  3:26  Pylon  
  41  3:27  Probe  
  41  3:29  Probe  
  41  3:30  Pylon  
  43  3:35  Gateway  
  43  3:40  Probe  
  43  3:45  Probe  
  44  3:48  Robotics Facility  
  44  3:52  Probe, Shield Battery  
  44  3:54  Assimilator  
  45  3:56  Probe  
  45  3:58  Assimilator  
  45  4:00  Blink, Probe  
  46  4:04  Probe  
  46  4:08  Probe  
  48  4:13  Probe  
  48  4:16  Gateway  
  50  4:19  Probe  
  50  4:21  Stalker  
  50  4:23  Pylon  
  53  4:25  Probe  
  53  4:29  Pylon  
  54  4:34  Observer  
  54  4:40  Pylon  
  54  4:42  Robotics Bay  
  54  4:45  Stalker  
  57  4:46  Stalker  
  59  4:55  Forge  
  59  4:57  Observer  
  60  5:10  Stalker x2  
  60  5:12  Stalker  
  66  5:16  Pylon  
  66  5:19  Observer  
  66  5:20  Pylon  
  67  5:28  Protoss Ground Weapons Level 1  
  67  5:30  Nexus  
  67  5:31  Colossus  
  69  5:50  Stalker x2  
  69  5:51  Stalker  
  74  5:59  Probe x2  
  74  6:14  Probe  
  74  6:15  Colossus  
  74  6:18  Extended Thermal Lance  
  75  6:20  Nexus  
  75  6:23  Pylon  
  75  6:30  Sentry  
  83  6:38  Pylon  
  83  6:39  Pylon  
  81  6:54  Stalker x3  
  83  6:59  Probe x2  
  89  7:01  Colossus  
  89  7:11  Photon Cannon, Probe x2  
  97  7:19  Charge  
  97  7:23  Probe x2  
  97  7:28  Stalker x3  
  103  7:32  Protoss Ground Armor Level 1  
  103  7:33  Probe  
  103  7:35  Probe x2  
  106  7:45  Probe  
  106  7:47  Probe x2  
  109  7:54  Gateway  
  109  7:55  Gateway  
  109  7:56  Observer  
  109  7:57  Probe  
  109  7:58  Gateway  
  110  7:59  Probe x2  
  110  8:00  Observer  
  113  8:09  Pylon  
  113  8:10  Probe  
  113  8:11  Assimilator, Probe  
  115  8:15  Stalker x3  
  115  8:16  Assimilator  
  121  8:20  Forge  
  121  8:25  Templar Archives  
  121  8:38  Zealot x2  
  122  8:44  Psionic Storm  
  105  8:54  Stalker  
  107  8:59  Warp Prism  
  104  9:05  Probe x3  
  107  9:17  Probe  
  107  9:19  Photon Cannon  
  107  9:21  Photon Cannon  
  107  9:23  High Templar  
  107  9:24  High Templar  
  112  9:28  Zealot x4  
  112  9:30  Immortal  
  120  9:38  Shield Battery  
  120  9:40  Shield Battery  
  124  9:49  Stalker x3  
  124  9:50  Stalker  
  126  10:00  Immortal  
  126  10:01  High Templar x2  
  128  10:07  Archon  
  129  10:14  Stalker x2  
  125  10:27  Probe x3  
  126  10:35  High Templar x2  
  130  10:38  Pylon  
  130  10:39  Zealot  
  130  10:42  Nexus, Pylon  
  130  10:43  Pylon  
  130  10:44  Pylon  
  130  10:47  Immortal  
  130  10:49  High Templar  
  126  10:50  High Templar  
  132  11:00  Zealot  
  132  11:01  Zealot  
  136  11:09  Observer  
  136  11:15  Archon  
  136  11:16  Zealot x2  
  136  11:17  Immortal  
  135  11:19  Protoss Ground Armor Level 2  
  135  11:23  High Templar  
  135  11:24  Protoss Ground Weapons Level 2  
  135  11:25  Zealot x2  
  135  11:26  Zealot  
  135  11:32  Probe x3  
  148  11:35  Pylon  
  147  11:43  High Templar  
  147  11:46  Zealot  
  147  11:47  Zealot  
  153  11:56  Assimilator  
  153  12:00  Assimilator  
  153  12:02  Archon  
  153  12:06  Zealot x4  
  153  12:07  Zealot  
  154  12:17  Zealot  
  128  12:32  Stalker x3  
  130  12:38  Archon  
  116  12:50  Zealot  
  105  12:58  Gateway  
  105  13:03  High Templar x2  
  105  13:04  Nexus  
  109  13:06  Gateway  
  109  13:09  Gateway  
  109  13:11  High Templar  
  111  13:30  Probe x2  
  111  13:34  Gateway  
  113  13:36  Gateway, Observer  
  113  13:42  Probe  
  113  13:43  High Templar x2, Robotics Facility  
  113  13:44  High Templar  
  120  13:48  Archon  
  120  14:09  Stalker x3  
  125  14:14  Archon  
Tags
 
Add a new tag
Caveats
  • Supply blocks, unpowered buildings, or Contaminate may cause inaccurate times.
  • Supply counts are checked every 10 seconds.